AoeStats
← распродаж

African Clearing

504448001Analyzed
4v4 RM · 27d ago on Sep 5, 2026· 29m 47s· 8 players
Game mode
Random Map
Map size
Large (8 player)
Population
200
Speed
Normal
Resources
Standard
Victory
Conquest
Starting age
Dark Age
Ending age
Imperial Age
RankedLock teamsTeams togetherTeam positionsShared explorationLock speedFull tech treeHidden civsTurbo modeCheats
Victory
Defeat
🇹🇼 Japanese · Taiwan
1566
+15
🇮🇳 Cumans · India
1537
+16
🇦🇷 Bulgarians · Argentina
1516
+17
🇭🇰 Berbers · Hong Kong SAR China
1514
+17
🇸🇪 Jurchens · Sweden
1607
-18
🇵🇪 Spanish · Peru
1574
-18
🇧🇷 Berbers · Brazil
1534
-16
🇪🇸 Khmer · Spain
1456
-13
распродаж
14:44 Feudal Age
18:43 Castle Age
17:09 Double-Bit Axe
17:47 Loom
20:00 Fletching
29:13 Ballistics
默默默默默
3:51 Loom
13:55 Feudal Age
18:06 Castle Age
15:54 Double-Bit Axe
16:23 Stone Mining
17:32 Gold Mining
18:59 Bow Saw
19:00 Town Watch
28:51 Redemption
Dark_Shelly
9:12 Loom
11:35 Feudal Age
12:17 Double-Bit Axe
15:27 Fletching
16:14 Padded Archer Armor
YanShiba
7:44 Loom
9:48 Loom
10:20 Loom
12:12 Feudal Age
10:33 Loom
16:09 Castle Age
14:40 Double-Bit Axe
15:10 Fletching
16:55 Bodkin Arrow
19:20 Crossbowman
3Dominik
8:29 Loom
13:27 Feudal Age
17:10 Town Watch
20:46 Castle Age
26:08 Fletching
Nodscouter
11:41 Feudal Age
12:28 Loom
15:02 Double-Bit Axe
21:41 Forging
23:43 Castle Age
24:04 Town Watch
27:11 Bow Saw
28:11 Wheelbarrow
Sorrateiro
6:05 Loom
13:22 Feudal Age
13:56 Town Watch
14:56 Double-Bit Axe
17:30 Castle Age
16:16 Gold Mining
16:51 Fletching
19:58 Bodkin Arrow
25:47 Padded Archer Armor
25:46 Bodkin Arrow
26:50 Padded Archer Armor
Sergio
13:44 Feudal Age
12:20 Loom
19:42 Castle Age
18:50 Double-Bit Axe
18:47 Horse Collar
20:09 Forging
20:57 Light Cavalry
28:08 Fletching
Connection lost

Rejoining the realm…

Still unreachable

The connection could not be restored.

Session expired

The server has moved on; the page needs a fresh start.